[ PARTIDA AOE2 · #475428876 ]
1v1 RMPersas vs Tupi
Equipo del jugador · VICT
Equipo rival · DERR
[ ANÁLISIS DE REPETICIÓN · EXTRAÍDO DE LA PARTIDA GRABADA ]
Feudal
11:25
Castillos
15:53
Imperial
35:12
| APM promedio | 21.2 |
| APM pico | 40 |
| eAPM promedio | 13.1 |
| Aldeanos / militares | 143 / 63 |
Foco
⚔️ 22.5% · 🌾 77.5%
Archer ×38 · Knight ×17 · Mangonel ×2 · Trebuchet (Packed) ×2 · Battering Ram ×2 · War Elephant ×1
Feudal
9:44
Castillos
21:11
Imperial
35:00
| APM promedio | 35.9 |
| APM pico | 99 |
| eAPM promedio | 19.2 |
| Aldeanos / militares | 80 / 52 |
Foco
⚔️ 21.8% · 🌾 78.2%
Skirmisher ×27 · Unknown (2550) ×22 · Spearman ×22 · Trebuchet (Packed) ×3
Mapa de la partida
Recursos al inicio + cada clic de construcción. Línea gruesa = muro · recuadro discontinuo = muro de casas detectado. 🟡 oro · ⚪ piedra · 🟢 bayas · 🔶 jabalí · ⭕ reliquia
Inputs por minuto
— Mifez - - MagicSheep
Build order — Mifez
Primeras 150 de 313 acciones detectadas
| 0:01 | Crear | Villager (Male) ×5 |
| 0:02 | Construir | House |
| 0:04 | Construir | House |
| 1:27 | Crear | Villager (Male) |
| 1:27 | Crear | Villager (Male) |
| 2:28 | Crear | Villager (Male) ×2 |
| 3:18 | Construir | Lumber Camp |
| 3:30 | Crear | Villager (Male) ×3 |
| 3:39 | Construir | House |
| 4:45 | Crear | Villager (Male) |
| 4:45 | Crear | Villager (Male) |
| 4:46 | Crear | Villager (Male) |
| 5:20 | Construir | Mill |
| 5:26 | Crear | Villager (Male) |
| 5:46 | Construir | House |
| 6:17 | Construir | House |
| 6:22 | Crear | Villager (Male) |
| 6:22 | Crear | Villager (Male) |
| 7:01 | Crear | Villager (Male) |
| 7:46 | Crear | Villager (Male) ×5 |
| 9:09 | Construir | Mining Camp |
| 9:21 | Investigar | Feudal Age |
| 10:36 | Construir | Barracks |
| 11:18 | Construir | Palisade Wall |
| 11:21 | Construir | Palisade Wall |
| 11:24 | Crear | Villager (Male) |
| 11:24 | Crear | Villager (Male) |
| 11:25 | Edad | Edad Feudal |
| 11:34 | Construir | Stable |
| 11:42 | Construir | Blacksmith |
| 12:03 | Construir | Farm |
| 12:03 | Construir | Farm |
| 12:04 | Construir | Farm |
| 12:04 | Construir | Farm |
| 12:07 | Construir | Farm |
| 12:08 | Construir | Farm |
| 12:11 | Crear | Villager (Male) |
| 12:37 | Construir | Farm |
| 12:39 | Crear | Villager (Male) |
| 12:39 | Crear | Villager (Male) |
| 12:44 | Investigar | Loom |
| 12:58 | Construir | Farm |
| 13:28 | Investigar | Castle Age |
| 13:56 | Investigar | Double-Bit Axe |
| 14:13 | Construir | Mining Camp |
| 14:23 | Construir | Palisade Wall |
| 14:38 | Construir | House |
| 14:40 | Construir | House |
| 14:41 | Construir | Palisade Wall |
| 15:35 | Construir | Palisade Wall |
| 15:37 | Construir | Palisade Wall |
| 15:40 | Construir | Palisade Wall |
| 15:42 | Construir | Palisade Wall |
| 15:53 | Edad | Edad de los Castillos |
| 15:56 | Crear | Knight |
| 15:57 | Crear | Knight |
| 16:17 | Construir | House |
| 16:20 | Construir | House |
| 16:22 | Construir | Palisade Wall |
| 16:28 | Construir | House |
| 16:30 | Construir | House |
| 16:34 | Construir | House |
| 17:14 | Construir | Palisade Wall |
| 17:16 | Construir | Palisade Wall |
| 17:18 | Construir | Palisade Wall |
| 17:26 | Crear | Knight |
| 17:36 | Construir | Town Center |
| 17:37 | Crear | Villager (Male) |
| 17:37 | Crear | Villager (Male) |
| 18:05 | Crear | Villager (Male) |
| 18:26 | Construir | Farm |
| 18:53 | Crear | Villager (Male) |
| 18:53 | Crear | Villager (Male) |
| 18:56 | Crear | Villager (Male) |
| 18:57 | Crear | Villager (Male) |
| 19:02 | Construir | Town Center |
| 19:40 | Crear | Villager (Male) |
| 19:40 | Crear | Villager (Male) |
| 19:41 | Crear | Villager (Male) |
| 19:42 | Crear | Villager (Male) |
| 19:44 | Crear | Knight |
| 19:44 | Crear | Knight |
| 20:18 | Crear | Villager (Male) |
| 20:18 | Crear | Villager (Male) |
| 20:43 | Crear | Villager (Male) |
| 20:44 | Crear | Villager (Male) |
| 21:03 | Construir | Archery Range |
| 21:06 | Investigar | Bow Saw |
| 21:08 | Crear | Villager (Male) |
| 21:09 | Crear | Villager (Male) |
| 21:11 | Crear | Villager (Male) |
| 21:11 | Crear | Villager (Male) |
| 21:15 | Crear | Villager (Male) |
| 21:15 | Crear | Villager (Male) |
| 21:24 | Construir | Farm |
| 21:32 | Construir | Farm |
| 21:39 | Crear | Villager (Male) |
| 21:44 | Construir | Farm |
| 22:03 | Crear | Villager (Male) |
| 22:06 | Construir | Farm |
| 22:10 | Construir | Farm |
| 22:16 | Crear | Villager (Male) |
| 22:28 | Construir | Farm |
| 22:40 | Crear | Villager (Male) |
| 22:45 | Crear | Villager (Male) |
| 22:53 | Crear | Villager (Male) |
| 23:17 | Construir | Farm |
| 23:18 | Construir | Farm |
| 23:18 | Construir | Farm |
| 23:21 | Construir | Farm |
| 23:25 | Investigar | Horse Collar |
| 23:30 | Construir | Farm |
| 23:33 | Crear | Villager (Male) |
| 24:00 | Construir | Castle |
| 24:03 | Crear | Knight |
| 24:05 | Crear | Archer |
| 24:05 | Crear | Archer |
| 24:06 | Crear | Villager (Male) |
| 24:07 | Crear | Villager (Male) |
| 24:11 | Construir | Archery Range |
| 24:23 | Construir | Farm |
| 24:28 | Crear | Villager (Male) |
| 24:30 | Crear | Villager (Male) |
| 24:34 | Construir | Farm |
| 24:48 | Construir | Palisade Wall |
| 24:50 | Construir | Palisade Wall |
| 25:00 | Crear | Villager (Male) |
| 25:01 | Crear | Villager (Male) |
| 25:01 | Crear | Villager (Male) |
| 25:04 | Construir | Farm |
| 25:11 | Construir | Palisade Wall |
| 25:15 | Construir | Palisade Wall |
| 25:21 | Investigar | Fletching |
| 25:23 | Crear | Villager (Male) |
| 25:43 | Construir | University |
| 25:58 | Investigar | Wheelbarrow |
| 26:02 | Crear | Villager (Male) |
| 26:02 | Crear | Villager (Male) |
| 26:13 | Construir | University |
| 26:19 | Construir | Farm |
| 26:24 | Construir | House |
| 26:26 | Construir | House |
| 26:38 | Construir | House |
| 26:39 | Construir | Palisade Wall |
| 26:59 | Construir | Mining Camp |
| 27:00 | Crear | Villager (Male) |
| 27:01 | Crear | Villager (Male) |
| 27:01 | Crear | Villager (Male) |
| 27:02 | Crear | Villager (Male) |
| 27:10 | Investigar | Crossbowman (upgrade) |
Build order — MagicSheep
Primeras 150 de 289 acciones detectadas
| 0:00 | Crear | Villager (Male) |
| 0:01 | Crear | Villager (Male) |
| 0:01 | Crear | Villager (Male) |
| 0:01 | Crear | Villager (Male) |
| 0:02 | Construir | House |
| 0:03 | Construir | House |
| 1:16 | Crear | Villager (Male) |
| 1:33 | Crear | Villager (Male) |
| 1:44 | Construir | Settlement |
| 2:06 | Crear | Villager (Male) |
| 2:56 | Crear | Villager (Male) |
| 2:57 | Crear | Villager (Male) |
| 3:36 | Crear | Villager (Male) |
| 3:59 | Crear | Villager (Male) |
| 4:16 | Construir | Settlement |
| 4:39 | Crear | Villager (Male) |
| 4:39 | Crear | Villager (Male) |
| 4:41 | Crear | Villager (Male) |
| 5:27 | Crear | Villager (Male) |
| 5:27 | Crear | Villager (Male) |
| 5:28 | Investigar | Loom |
| 6:57 | Construir | Settlement |
| 7:34 | Investigar | Feudal Age |
| 7:52 | Construir | Barracks |
| 8:00 | Construir | House |
| 8:03 | Construir | Palisade Wall |
| 8:08 | Crear | Villager (Male) |
| 8:50 | Construir | House |
| 9:12 | Construir | Palisade Wall |
| 9:12 | Construir | Palisade Wall |
| 9:24 | Construir | House |
| 9:44 | Edad | Edad Feudal |
| 9:55 | Crear | Villager (Male) |
| 9:59 | Investigar | Tech 1402 |
| 10:07 | Construir | Blacksmith |
| 10:11 | Crear | Villager (Male) |
| 10:24 | Construir | Palisade Wall |
| 10:31 | Construir | Palisade Gate |
| 10:39 | Crear | Villager (Male) |
| 10:42 | Investigar | Double-Bit Axe |
| 10:51 | Construir | House |
| 10:53 | Crear | Unit 2550 |
| 11:04 | Construir | House |
| 11:24 | Investigar | Horse Collar |
| 11:27 | Construir | Farm |
| 11:29 | Crear | Unit 2550 |
| 11:34 | Construir | Palisade Wall |
| 11:38 | Construir | Farm |
| 11:41 | Construir | Farm |
| 11:49 | Construir | Palisade Wall |
| 12:00 | Construir | Farm |
| 12:16 | Construir | Farm |
| 12:21 | Crear | Villager (Male) |
| 12:30 | Construir | House |
| 12:36 | Construir | Farm |
| 12:46 | Crear | Unit 2550 |
| 12:54 | Construir | Farm |
| 13:05 | Crear | Villager (Male) |
| 13:15 | Construir | Palisade Wall |
| 13:17 | Crear | Villager (Male) |
| 13:23 | Construir | Farm |
| 13:43 | Crear | Unit 2550 |
| 13:47 | Crear | Villager (Male) |
| 14:01 | Construir | Farm |
| 14:13 | Investigar | Scale Mail Armor |
| 14:20 | Construir | Farm |
| 14:24 | Construir | Farm |
| 14:26 | Crear | Unit 2550 |
| 14:37 | Crear | Villager (Male) |
| 14:45 | Construir | House |
| 14:52 | Crear | Villager (Male) |
| 15:01 | Crear | Unit 2550 |
| 15:07 | Construir | Farm |
| 15:12 | Construir | Market |
| 15:42 | Crear | Villager (Male) |
| 15:46 | Crear | Unit 2550 |
| 15:49 | Investigar | Arson |
| 16:04 | Crear | Villager (Male) |
| 16:07 | Construir | Farm |
| 16:08 | Construir | Farm |
| 16:15 | Crear | Villager (Male) |
| 16:45 | Construir | Farm |
| 16:46 | Crear | Villager (Male) |
| 16:51 | Crear | Unit 2550 |
| 17:19 | Construir | Farm |
| 17:20 | Crear | Villager (Male) |
| 17:36 | Construir | Farm |
| 17:41 | Construir | Farm |
| 17:41 | Construir | Farm |
| 17:50 | Construir | House |
| 17:53 | Construir | Palisade Wall |
| 18:04 | Construir | House |
| 18:14 | Construir | Farm |
| 18:31 | Investigar | Castle Age |
| 19:10 | Crear | Spearman |
| 19:10 | Crear | Spearman |
| 19:15 | Crear | Villager (Male) |
| 19:25 | Construir | Farm |
| 19:43 | Construir | House |
| 19:46 | Crear | Villager (Male) |
| 19:58 | Construir | Palisade Wall |
| 20:03 | Crear | Spearman |
| 20:31 | Crear | Villager (Male) |
| 20:43 | Crear | Spearman |
| 21:00 | Construir | Settlement |
| 21:11 | Edad | Edad de los Castillos |
| 21:11 | Investigar | Pikeman (upgrade) |
| 21:11 | Investigar | Pikeman (upgrade) |
| 21:14 | Crear | Spearman |
| 21:23 | Investigar | Bow Saw |
| 21:25 | Investigar | Heavy Plow |
| 21:29 | Investigar | Chain Mail Armor |
| 21:49 | Construir | Farm |
| 21:54 | Crear | Villager (Male) |
| 22:10 | Construir | House |
| 22:39 | Crear | Villager (Male) |
| 22:55 | Crear | Spearman |
| 23:02 | Crear | Villager (Male) |
| 23:10 | Crear | Spearman |
| 23:21 | Construir | Barracks |
| 23:27 | Investigar | Squires |
| 23:28 | Crear | Spearman |
| 23:42 | Crear | Spearman |
| 23:44 | Crear | Villager (Male) |
| 23:44 | Crear | Villager (Male) |
| 23:46 | Investigar | Town Watch |
| 23:52 | Investigar | Gold Mining |
| 23:54 | Investigar | Stone Mining |
| 23:57 | Crear | Villager (Male) |
| 24:10 | Construir | Building 796 |
| 24:12 | Crear | Villager (Male) |
| 24:20 | Crear | Spearman |
| 24:21 | Crear | Spearman |
| 24:35 | Construir | Farm |
| 24:35 | Construir | Farm |
| 24:37 | Crear | Spearman |
| 24:37 | Crear | Spearman |
| 24:48 | Crear | Villager (Male) |
| 24:57 | Construir | Town Center |
| 25:08 | Construir | Farm |
| 25:08 | Construir | Farm |
| 25:30 | Construir | Farm |
| 25:33 | Crear | Villager (Male) |
| 25:49 | Construir | Archery Range |
| 25:49 | Construir | Archery Range |
| 26:01 | Crear | Villager (Male) |
| 26:07 | Crear | Villager (Male) |
| 26:20 | Investigar | Town Watch |
| 26:24 | Construir | Archery Range |
| 26:27 | Investigar | Padded Archer Armor |
Cronología de la partida
| 7:52 | MagicSheep · first_building Barracks |
| 8:03 | MagicSheep · wall_segment Palisade Wall x5 |
| 9:12 | MagicSheep · wall_segment Palisade Wall x1 |
| 9:12 | MagicSheep · wall_segment Palisade Wall x1 |
| 9:44 | MagicSheep · age_up feudal |
| 10:24 | MagicSheep · wall_segment Palisade Wall x1 |
| 10:36 | Mifez · first_building Barracks |
| 11:18 | Mifez · wall_segment Palisade Wall x1 |
| 11:21 | Mifez · wall_segment Palisade Wall x1 |
| 11:25 | Mifez · age_up feudal |
| 11:34 | Mifez · first_building Stable |
| 11:34 | MagicSheep · wall_segment Palisade Wall x13 |
| 11:49 | MagicSheep · wall_segment Palisade Wall x5 |
| 13:15 | MagicSheep · wall_segment Palisade Wall x10 |
| 14:23 | Mifez · wall_segment Palisade Wall x4 |
| 14:41 | Mifez · wall_segment Palisade Wall x1 |
| 15:35 | Mifez · wall_segment Palisade Wall x1 |
| 15:37 | Mifez · wall_segment Palisade Wall x1 |
| 15:40 | Mifez · wall_segment Palisade Wall x1 |
| 15:42 | Mifez · wall_segment Palisade Wall x1 |
| 15:53 | Mifez · age_up castle |
| 16:22 | Mifez · wall_segment Palisade Wall x1 |
| 17:14 | Mifez · wall_segment Palisade Wall x1 |
| 17:16 | Mifez · wall_segment Palisade Wall x1 |
| 17:18 | Mifez · wall_segment Palisade Wall x1 |
| 17:53 | MagicSheep · wall_segment Palisade Wall x4 |
| 18:00 | MagicSheep · first_market_buy 100 food |
| 19:58 | MagicSheep · wall_segment Palisade Wall x1 |
| 21:03 | Mifez · first_building Archery Range |
| 21:11 | MagicSheep · age_up castle |
| 24:00 | Mifez · first_building Castle |
| 24:48 | Mifez · wall_segment Palisade Wall x1 |
| 24:50 | Mifez · wall_segment Palisade Wall x1 |
| 25:11 | Mifez · wall_segment Palisade Wall x1 |
| 25:15 | Mifez · wall_segment Palisade Wall x1 |
| 25:49 | MagicSheep · first_building Archery Range |
| 26:39 | Mifez · wall_segment Palisade Wall x1 |
| 28:16 | MagicSheep · first_building Castle |
| 31:36 | Mifez · first_building Siege Workshop |
| 33:34 | Mifez · wall_segment Palisade Wall x9 |
| 35:00 | MagicSheep · age_up imperial |
| 35:12 | Mifez · age_up imperial |
| 37:47 | MagicSheep · first_market_sell 100 food |
| 41:56 | MagicSheep · resign |
[ ANÁLISIS IA · 1 CRÉDITO ]
¿Qué pasó realmente en esta partida?
Wolo.gg analiza cada decisión: build order, eco, micro, errores típicos por bracket. Análisis personalizado por WhatsApp o Discord en 30 segundos.
Guía civ
Persas
Guía mapa
Golden Pit
Perfil
Mifez